 Dungeon Crawl Stone Soup version 0.31-a0-75-g6fe912e8c5 (webtiles) character file.

Game seed: 1074769283369637423

4238 Adrian566 the Cleaver (level 10, -7/92 HPs)
             Began as a Hill Orc Fighter on May 24, 2023.
             Was a Believer of Beogh.
             Mangled by a vampire (10 damage)
             ... on level 9 of the Dungeon.
             The game lasted 00:12:43 (8827 turns).

Adrian566 the Cleaver (Hill Orc Fighter)            Turns: 8827, Time: 00:12:44

Health: -7/92      AC: 11    Str: 30    XL:     10   Next: 30%
Magic:  0/10       EV:  8    Int:  8    God:    Beogh [**....]
Gold:   836        SH:  5    Dex: 10    Spells: 9/9 levels left

rFire   . . .        m - +2 war axe (venom)
rCold   . . .        c - +0 buckler
rNeg    . . .        s - +1 plate armour
rPois   .            (no helmet)
rElec   .            (no cloak)
rCorr   .            q - +0 pair of gloves
SInv    +            (no boots)
Will    .....        d - amulet of guardian spirit Stlth
                     f - ring of see invisible
HPRegen 0.35/turn    j - +6 ring of strength
MPRegen 0.12/turn

%: guardian spirit
@: studying Fighting, invisible
A: deformed body, mutation resistance 1
a: Renounce Religion, Smiting


You were on level 9 of the Dungeon.
You worshipped Beogh.
Beogh was pleased with you.
You visited 2 branches of the dungeon, and saw 10 of its levels.
You also visited: Ossuary.

You collected 836 gold pieces.

Inventory:

Hand Weapons
 a - a +0 war axe
 m - a +2 war axe of venom (weapon)
Armour
 c - a +0 buckler (worn)
 h - a +2 helmet
 q - a +0 pair of gloves (worn)
 s - a +1 plate armour (worn)
Jewellery
 d - an amulet of guardian spirit (around neck)
 e - a ring of wizardry
 f - a ring of see invisible (left hand)
 i - a ring of flight
 j - a +6 ring of strength (right hand)
 l - the amulet of Ohasa {Acrobat -Tele Dex+5}
   (You found it on level 7 of the Dungeon)

   [amulet of the acrobat]

   It increases your evasion while moving and waiting.
   Dex:       It affects your dexterity (+5).
   -Tele:     It prevents most forms of teleportation.
Wands
 k - a wand of flame (18)
 w - a wand of iceblast (7)
Scrolls
 n - 2 scrolls of immolation
 p - a scroll of fear
 u - a scroll of identify
Potions
 b - a potion of degeneration
 g - a potion of brilliance
 o - a potion of mutation


   Skills:
 + Level 9.7 Fighting
 + Level 13.7 Axes
 + Level 8.3 Armour
 + Level 1.9 Dodging
 + Level 1.4 Stealth
 + Level 5.6 Shields


You had 9 spell levels left.
You didn't know any spells.
Your spell library contained the following spells:

 Spells                   Type           Power      Damage    Failure   Level
 Apportation              Tloc           0%         N/A       98%         1
 Necrotise                Necr           0%         1d4       98%         1
 Call Canine Familiar     Summ           0%         N/A       100%        3
 Inner Flame              Hex/Fire       0%         N/A       100%        3
 Portal Projectile        Hex/Tloc       0%         N/A       100%        3
 Vampiric Draining        Necr           0%         2d6       100%        3
 Flame Wave               Conj/Fire      0%         2d4       100%        4
 Leda's Liquefaction      Hex/Erth       0%         N/A       100%        4
 Petrify                  Tmut/Erth      0%         N/A       100%        4
 Sticky Flame             Conj/Fire      0%         2d3       100%        4
 Agony                    Necr           0%         N/A       100%        5
 Alistair's Intoxication  Tmut/Pois      0%         N/A       100%        5
 Metabolic Englaciation   Hex/Ice        0%         N/A       100%        5
 Statue Form              Tmut/Erth      0%         N/A       100%        6


Dungeon Overview and Level Annotations

Branches:
Dungeon (9/15)             Temple (1/1) D:5            Lair (0/5) D:9
Ossuary (visited)
    Orc: D:9-12

Altars:
Gozag
Hepliaklqana
Kikubaaqudgha
Makhleb
Nemelex Xobeh
Okawaru
Qazlal
Ru
Trog
Wu Jian
Zin

Shops:
D:1 :   D:2 [?(

Annotations:
D:5 Duvessa


Innate Abilities, Weirdness & Mutations

Armour fits poorly on your strangely shaped body.
You are somewhat resistant to further mutation.


Message History

The vampire is heavily damaged.
You closely miss the vampire.
The vampire is heavily damaged.
The vampire draws life force from you!!
The vampire is healed by the life force!
You hit the vampire but do no damage. The vampire closely misses you.
The vampire bites you!
The vampire draws strength from your injuries!
You slice the vampire!!
The vampire is severely damaged.
The vampire draws life force from you!
* * * LOW HITPOINT WARNING * * *
The vampire is healed by the life force!
You hit the vampire but do no damage.
The vampire is moderately damaged.
The vampire hits you.
* * * LOW HITPOINT WARNING * * *
The vampire bites you!
* * * LOW HITPOINT WARNING * * *
The vampire draws strength from your injuries!
It was a potion of invisibility.
You fade into invisibility!
The vampire hits you but does no damage.
The vampire bites you.
* * * LOW HITPOINT WARNING * * *
The vampire draws strength from your injuries!
You can't see any enemies this would affect, really read the scroll of fear?
Okay, then.
The air fills with toxic fumes!
As you read the scroll labelled YGEBEM ZIGA, it crumbles to dust.
It was a scroll of poison.
The vampire hits you but does no damage.
You block the vampire's attack.
As you read the scroll labelled LAIGHI EGOE, it crumbles to dust.
It is a scroll of enchant armour.
Your +0 plate armour glows green for a moment.
The vampire hits you!
* * * LOW HITPOINT WARNING * * *
The vampire bites you!
You die...

#..# #..# #..# #..# #..#
##########..#
......§§§...#
.######§###.############
...# #@# #........>...#
..... #V# ###..#######..
......#§# #..# ###
.!..P.§§# #..# >...!.§§#
#..# ....P§§§# #..#
...P.§#§§ ...# ....§##§#
##.## ...## #.# #.#


You could see a vampire (invisible).

Vanquished Creatures
  A two-headed ogre (D:8)
  An elephant (D:9)
  The ghost of greasedhog the Ruffian, a novice TrFi (D:5)
  Prince Ribbit (D:5)
  A shadow (D:9)
  3 water moccasins
  2 orc warriors
  2 black bears
  An ice beast (D:6)
  A sky beast (D:7)
  An ogre (D:7)
  3 centaurs
  A kobold brigand (D:7)
  A bullfrog (D:6)
  A gnoll sergeant (D:8)
  A scorpion (D:5)
  Dowan (D:6)
  The ghost of Licon the Trooper, a weakling DgFi (D:3)
  2 howler monkeys (D:8)
  A human zombie (D:6)
  A jelly (D:6)
  Crazy Yiuf (D:6)
  4 orc priests
  A gnoll bouda (D:7)
  5 iguanas
  Jessica (D:3)
  Terence (D:2)
  Natasha (D:3)
  7 orc wizards
  2 mummies (Ossuary)
  Robin (D:3)
  17 gnolls
  6 adders
  A shadow imp (D:5)
  2 worms
  2 dart slugs
  28 orcs
  5 ball pythons
  5 bats
  10 endoplasms
  2 giant cockroaches
  5 gnoll zombies (Ossuary)
  17 goblins
  9 hobgoblins
  3 jackals (D:4)
  2 quokkas
  3 frilled lizards (D:1)
  2 goblin zombies (Ossuary)
  2 hobgoblin zombies (Ossuary)
  9 kobolds
  5 orc zombies (Ossuary)
  8 rats
195 creatures vanquished.

Vanquished Creatures (others)
  A hobgoblin (D:4)
  A ball python (D:4)
  A kobold (D:4)
3 creatures vanquished.

Grand Total: 198 creatures vanquished

Notes
Turn   | Place    | Note
-------+----------+-------------------------------------------
     0 | D:1      | Adrian566 the Hill Orc Fighter began the quest for the Orb.
     0 | D:1      | Reached XP level 1. HP: 19/19 MP: 1/1
   149 | D:1      | Reached XP level 2. HP: 27/27 MP: 2/2
   152 | D:1      | Found Cajout's Book Boutique.
   231 | D:1      | Reached skill level 3 in Axes
   263 | D:1      | Found a faded altar of an unknown god.
   926 | D:2      | Identified a scroll of acquirement
   926 | D:2      | Acquired a manual of Fighting
   966 | D:2      | Reached XP level 3. HP: 32/33 MP: 3/3
   996 | D:2      | Found a glowing silver altar of Zin.
  1299 | D:2      | Noticed Terence
  1305 | D:2      | Killed Terence
  1306 | D:2      | Reached skill level 4 in Axes
  1306 | D:2      | Reached XP level 4. HP: 33/40 MP: 4/4
  1348 | D:2      | Found Melurrun's Weapon Shoppe.
  1416 | D:2      | Found Jaidgh's Magic Scroll Emporium.
  1527 | D:2      | Found Cineutua's Antique Armour Emporium.
  1952 | D:3      | Found an opulent altar of Gozag.
  1963 | D:3      | Reached skill level 5 in Axes
  1963 | D:3      | Reached XP level 5. HP: 16/46 MP: 5/5
  2134 | D:3      | Noticed Robin
  2142 | D:3      | Noticed Jessica
  2144 | D:3      | Noticed Natasha
  2147 | D:3      | Killed Robin
  2152 | D:3      | Killed Natasha
  2157 | D:3      | Killed Jessica
  2158 | D:3      | Reached skill level 6 in Axes
  2252 | D:3      | Found a runed translucent door.
  2252 | D:3      | Noticed a centaur
  2253 | D:3      | Noticed Licon's ghost (weakling DgFi)
  2423 | D:3      | Killed Licon's ghost
  2424 | D:3      | Reached XP level 6. HP: 6/53 MP: 6/6
  2428 | D:3      | Reached skill level 7 in Axes
  3067 | D:4      | Reached skill level 5 in Fighting
  3069 | D:4      | Became a worshipper of Beogh the Brigand
  3164 | D:4      | Noticed an orc warrior
  3170 | D:4      | Reached XP level 7. HP: 45/61 MP: 7/7
  3397 | D:4      | Reached skill level 1 in Dodging
  3539 | D:4      | Found an ornate altar of the Wu Jian Council.
  3541 | D:4      | Found a hazy altar of Hepliaklqana.
  3694 | D:4      | Found a sparkling altar of Nemelex Xobeh.
  3694 | D:4      | Found an iron altar of Okawaru.
  3707 | D:5      | Entered Level 5 of the Dungeon
  3732 | D:5      | Reached skill level 8 in Axes
  3912 | D:5      | Found a runed translucent door.
  3916 | D:5      | Noticed greasedhog's ghost (novice TrFi)
  3962 | D:5      | Reached skill level 5 in Armour
  3963 | D:5      | Killed greasedhog's ghost
  3964 | D:5      | Reached skill level 9 in Axes
  3964 | D:5      | Reached XP level 8. HP: 71/71 MP: 8/8
  4094 | D:5      | Reached * piety under Beogh
  4095 | D:5      | Found a staircase to the Ecumenical Temple.
  4203 | D:5      | Noticed Prince Ribbit
  4212 | D:5      | Gained mutation: Armour fits poorly on your strangely
                  | shaped body. [potion of mutation]
  4212 | D:5      | Gained mutation: You are somewhat resistant to further
                  | mutation. [potion of mutation]
  4228 | D:5      | Killed Prince Ribbit
  4229 | D:5      | Reached skill level 10 in Axes
  4282 | Temple   | Entered the Ecumenical Temple
  4282 | Temple   | Noticed a smoke demon
  4282 | Temple   | Noticed an Ice Fiend
  4282 | Temple   | Noticed a smoke demon
  4282 | Temple   | Noticed a smoke demon
  4282 | Temple   | Noticed a balrug
  4282 | Temple   | Noticed an orange demon
  4282 | Temple   | Noticed a hellwing
  4282 | Temple   | Noticed a rust devil
  4283 | Temple   | Noticed Ifyitwex the pandemonium lord
  4284 | Temple   | Noticed Quilanye the pandemonium lord
  4285 | Temple   | Noticed Depulix the pandemonium lord
  4407 | Temple   | Noticed Hoepor the pandemonium lord
  4408 | Temple   | Noticed a lorocyproca
  4408 | Temple   | Noticed a lorocyproca
  4409 | Temple   | Noticed Ikudel the pandemonium lord
  4410 | Temple   | Noticed a Hell Sentinel
  4890 | D:6      | Found a sand-covered staircase.
  5001 | Ossuary  | Entered an ossuary
  5291 | D:6      | Found a runed translucent door.
  5292 | D:6      | Noticed Crazy Yiuf
  5426 | D:6      | Reached XP level 9. HP: 79/79 MP: 9/9
  5725 | D:6      | Noticed Duvessa
  5725 | D:6      | Noticed Dowan
  5734 | D:6      | Killed Dowan
  5735 | D:6      | Reached skill level 11 in Axes
  5747 | D:6      | HP: 2/79 [Duvessa/+0 short sword of speed (11)]
  6418 | D:6      | Killed Crazy Yiuf
  6479 | D:7      | Found a bloodstained altar of Trog.
  6653 | D:7      | Found a stormy altar of Qazlal.
  6674 | D:7      | Identified the amulet of Ohasa {Acrobat -Tele Dex+5}
  6729 | D:7      | Found an ancient bone altar of Kikubaaqudgha.
  6757 | D:7      | Reached ** piety under Beogh
  6813 | D:7      | Found a sacrificial altar of Ru.
  7055 | D:7      | Reached skill level 12 in Axes
  7679 | D:8      | Noticed a hornet
  7934 | D:8      | Noticed a two-headed ogre
  7943 | D:8      | Killed a two-headed ogre
  7944 | D:8      | Reached skill level 1 in Stealth
  7944 | D:8      | Reached skill level 5 in Shields
  7983 | D:8      | HP: 3/82 [centaur (4)]
  8216 | D:8      | Reached XP level 10. HP: 85/91 MP: 8/10
  8343 | D:8      | Reached skill level 13 in Axes
  8795 | D:9      | Found a staircase to the Lair.
  8795 | D:9      | Noticed an elephant
  8815 | D:9      | Killed an elephant
  8827 | D:9      | HP: 3/92 [vampire (6)]
  8827 | D:9      | Mangled by a vampire

Illustrated notes

Levels and vault maps discovered:
D:1:      eino_arrival_cavern_a, layout_basic, serial_shops,
          nicolae_shop_competitors_out_of_business, basic_ecumenical_altar
D:2:      layout_loops_ring, basic_altar, serial_shops, shop,
          nicolae_shop_tiny_statue_garden, nicolae_diamond_shop,
          hangedman_abyss_or_decor_lesser_grid, kennysheep_generic_room_3,
          uniq_terence
D:3:      layout_rooms, mainiacjoe_overflow_alcove_2, ebering_ghost_inner_flame,
          uniq_natasha, uniq_jessica, uniq_robin
D:4:      layout_rooms, nicolae_overflow_hidden_temple, grunt_ministairs_7
D:5:      layout_loops_cross, temple_green, ebering_ghost_sewer_d,
          uniq_prince_ribbit1
D:6:      layout_gridville, enter_ossuary_3, uniq_duvessa,
          uniq_crazy_yiuf_cottage
D:7:      layout_basic, nicolae_overflow_quartered_altars
D:8:      layout_rooms
D:9:      layout_loops_ring, kennysheep_mini_moat, david_lair_generic,
          amcnicky_mini_pool_small
Temple:   nicolae_temple_panitentiary

Skill      XL: |  1  2  3  4  5  6  7  8  9 10 |
---------------+-------------------------------+-----
Axes           | 3 4 5 6 7 9 10 12 13 | 13.7
Fighting       | 4 5 6 7 9 |  9.7
Armour         | 4 5 6 8 |  8.3
Shields        | 4 5 |  5.6
Dodging        | 1 |  1.9
Stealth        | 1 |  1.4

Action                     |  1- 3 |  4- 6 |  7- 9 | 10-12 || total
---------------------------+-------+-------+-------+-------++-------
  Melee: War axe           |    89 |   113 |   299 |    63 ||   564
 Invoke: Convert to Beogh  |       |     1 |       |       ||     1
    Use: Scroll            |     1 |       |    16 |     2 ||    19
         Potion            |       |     4 |    11 |     1 ||    16
 Armour: Scale mail        |    36 |    51 |    15 |       ||   102
         Skin              |       |     4 |    31 |       ||    35
         Plate armour      |       |       |   114 |    36 ||   150
  Dodge: Dodged            |    40 |    38 |   108 |    23 ||   209
  Block: Buckler           |    17 |    25 |    80 |    15 ||   137

Table legend: (Time is in decaauts)
 A = Elapsed time spent in this place.
 B = Non-inter-level travel time spent in this place.
 C = Inter-level travel time spent in this place.
 D = Time resting spent in this place.
 E = Time spent auto-exploring this place.
 F = Levels seen in this place.
 G = Mean time per level.
                   A        B        C        D        E       F      G
               +--------+--------+--------+--------+--------+-----+--------+
         Total |   8889 |   8626 |    263 |   1281 |   5906 |  11 |  808.1 |
       Dungeon |   8522 |   8259 |    263 |   1281 |   5611 |   9 |  946.9 |
        Temple |    139 |    139 |      0 |      0 |    130 |   1 |  139.0 |
       Ossuary |    227 |    227 |      0 |      0 |    165 |   1 |  227.0 |
               +--------+--------+--------+--------+--------+-----+--------+

Top non-repeatable levels by time:
     D:5: 1471 daAuts
     D:7: 1351 daAuts
     D:4: 1077 daAuts
     D:1: 944 daAuts
     D:6: 938 daAuts
     D:3: 886 daAuts
     D:8: 852 daAuts
     D:2: 849 daAuts
 Ossuary: 227 daAuts
     D:9: 150 daAuts
  Temple: 139 daAuts
